 Dungeon Crawl Stone Soup version 0.27-a0-101-g3cb999cee2 (webtiles) character file.

Game seed: 8344983135151687491

101 lunkers the Chiller (level 4, -2/30 HPs)
             Began as a Vampire Ice Elementalist on Jan 21, 2021.
             Slain by a kobold
             ... wielding a +0 club
              (5 damage)
             ... on level 3 of the Dungeon.
             The game lasted 00:02:49 (1894 turns).

lunkers the Chiller (Vampire Ice Elementalist)      Turns: 1894, Time: 00:02:49

Health: -2/30      AC:  2    Str:  7    XL:     4   Next: 48%
Magic:  2/8        EV: 12    Int: 18    God:
Gold:   152        SH:  0    Dex: 14    Spells: 8/9 levels left

rFire    . . .     SeeInvis +   c - +3 mace
rCold    . . .     Faith    .   (no shield)
rNeg     . . .     Spirit   .   g - +0 robe (curse)
rPois    .         Reflect  .   (no helmet)
rElec    .         Harm     .   (no cloak)
rCorr    .         Rampage  .   (no gloves)
Will     .....     Rnd*Tele +   (no boots)
Stlth    ++........             (no amulet)
HPRegen  0.30/turn              e - ring of teleportation (curse)
MPRegen  0.11/turn              (no ring)

@: regenerating quickly
A: fangs 3, see invisible, unbreathing
a: Exsanguinate


You were on level 3 of the Dungeon.
You visited 1 branch of the dungeon, and saw 3 of its levels.

You collected 152 gold pieces.

Inventory:

Hand Weapons
 c - a +3 mace (weapon)
Armour
 a - a +0 robe
 g - a cursed +0 robe (worn)
Jewellery
 e - a cursed ring of teleportation (left hand)
Scrolls
 b - 3 scrolls of teleportation {unknown}
 d - a scroll of fear {unknown}
 f - a scroll of amnesia {unknown}
 i - 2 scrolls of identify {unknown}
 k - a scroll of remove curse {unknown}
Potions
 h - a potion of berserk rage {unknown}
 j - a potion of curing {unknown}


   Skills:
 - Level 2.1 Dodging
 - Level 3.0 Stealth
 + Level 3.0 Spellcasting
 * Level 5.4 Ice Magic


You had 8 spell levels left.
You knew the following spells:

 Your Spells              Type           Power        Failure   Level
a - Freeze                Ice            88%          1%          1

Your spell library contained the following spells:

 Spells                   Type           Power        Failure   Level
 Frozen Ramparts          Ice            44%          5%          3
 Ozocubu's Armour         Ice            22%          5%          3
 Hailstorm                Conj/Ice       12%          47%         4
 Summon Ice Beast         Ice/Summ       12%          47%         4


Dungeon Overview and Level Annotations

Branches:
Dungeon (3/15)

Altars:
Cheibriados


Innate Abilities, Weirdness & Mutations

Your natural rate of healing is unusually fast.
You have razor-sharp teeth.
You have supernaturally acute eyesight. (SInv)
You can survive without breathing.


Message History

Aim: a goblin, wielding a -3 dagger (severely wounded)
You freeze the goblin!
You kill the goblin!
* * * LOW MAGIC WARNING * * *
The kobold throws a stone.
The stone misses you.
Unknown command.
You sock the kobold!
You kill the kobold!
The kobold throws a stone.
The stone hits you.
* * * LOW HITPOINT WARNING * * *
You hit the goblin.
You kill the goblin!
The kobold hits you but does no damage.
You barely miss the kobold. The kobold hits you with a +0 club.
* * * LOW HITPOINT WARNING * * *
You closely miss the kobold. The kobold hits you with a +0 club.
* * * LOW HITPOINT WARNING * * *
You closely miss the kobold. The kobold barely misses you.
The kobold hits you with a +0 club.
You die...

. ### .. #(# ≈K≈
#@# ≈≈≈≈
#..####K####.$...
.......rw......≈≈
#....#...<.......
.#......(...###..
.<$.........#
.............#
........#.......
#.......##......


You could see a worm, a quokka and a kobold.

Vanquished Creatures
  4 adders
  2 oozes (D:1)
  3 dart slugs
  A leopard gecko (D:1)
  4 bats
  5 giant cockroaches
  8 goblins
  3 hobgoblins
  4 jackals (D:1)
  5 kobolds
  A quokka (D:2)
  A frilled lizard (D:2)
  5 rats
46 creatures vanquished.

Vanquished Creatures (others)
  A plant (D:1)
1 creature vanquished.

Grand Total: 47 creatures vanquished

Notes
Turn   | Place    | Note
-------+----------+-------------------------------------------
     0 | D:1      | lunkers the Vampire Ice Elementalist began the quest for
                  | the Orb.
     0 | D:1      | Reached XP level 1. HP: 13/13 MP: 3/3
   230 | D:1      | Reached XP level 2. HP: 19/19 MP: 1/5
   883 | D:1      | Reached XP level 3. HP: 24/24 MP: 3/6
  1386 | D:2      | Reached skill level 5 in Ice Magic
  1696 | D:2      | Found a snail-covered altar of Cheibriados.
  1754 | D:2      | Reached XP level 4. HP: 25/30 MP: 5/8
  1894 | D:3      | Slain by a kobold

Illustrated notes

Levels and vault maps discovered:
D:1:      tarquinn_simple_flora_water_b, layout_loops_corners,
          serial_bayou_pond_a
D:2:      layout_rooms, general_overflow_altar
D:3:      cheibrodos_old_hovel, layout_rooms, chequers_serial_rivers_small_3

Skill      XL: |  1  2  3  4 |
---------------+-------------+-----
Ice Magic      | 5 |  5.4
Spellcasting   | 3 |  3.0
Dodging        | |  2.1
Stealth        | |  3.0

Action                   |  1- 3 |  4- 6 || total
-------------------------+-------+-------++-------
Melee: Mace              |    18 |     8 ||    26
       Bite              |     3 |       ||     3
 Cast: Freeze            |    60 |    12 ||    72
Armor: Robe              |    17 |     5 ||    22
Dodge: Dodged            |    73 |    20 ||    93

Table legend: (Time is in decaauts)
 A = Elapsed time spent in this place.
 B = Non-inter-level travel time spent in this place.
 C = Inter-level travel time spent in this place.
 D = Time resting spent in this place.
 E = Time spent auto-exploring this place.
 F = Levels seen in this place.
 G = Mean time per level.
                   A        B        C        D        E       F      G
               +--------+--------+--------+--------+--------+-----+--------+
         Total |   1902 |   1844 |     58 |     71 |   1438 |   3 |  634.0 |
       Dungeon |   1902 |   1844 |     58 |     71 |   1438 |   3 |  634.0 |
               +--------+--------+--------+--------+--------+-----+--------+

Top non-repeatable levels by time:
     D:1: 1207 daAuts
     D:2: 670 daAuts
     D:3: 24 daAuts
